 Dungeon Crawl Stone Soup version 0.20-a0-492-g6327889 (webtiles) character file.

127 Faca the Cudgeler (level 5, -5/33 HPs)
             Began as a Gargoyle Monk on Jan 15, 2017.
             Killed by Freeze
             ... invoked by McSplat's ghost
              (12 damage)
             ... on level 3 of the Dungeon.
             The game lasted 00:07:48 (2337 turns).

Faca the Cudgeler (Gargoyle Monk)                   Turns: 2337, Time: 00:07:48

Health: -5/33      AC: 13    Str: 15    XL:     5   Next: 11%
Magic:  5/5        EV: 12    Int: 10    God:
Gold:   158        SH:  0    Dex: 13    Spells: 4/4 levels left

rFire    . . .     SeeInvis .   a - +1 mace
rCold    . . .     Gourm    .   d - +2 ring mail {rPois}
rNeg     + . .     Faith    .   (no shield)
rPois    ∞         Spirit   .   e - +0 helmet
rElec    +         Reflect  .   (no cloak)
rCorr    .         Harm     .   l - +0 pair of gloves
MR       .....                  (no boots)
Stlth    +.........             (no amulet)
Regen    0.1/turn               (no ring)
                                (no ring)

@: no status effects
A: negative energy resistance 1, electricity resistance, unbreathing,
petrification resistance, rot immunity, AC +4
a: no special abilities


You were on level 3 of the Dungeon.
You were not hungry.

You visited 1 branch of the dungeon, and saw 3 of its levels.

You collected 158 gold pieces.

Inventory:

Hand Weapons
 a - a +1 mace (weapon)
Armour
 d - a +2 ring mail of poison resistance (worn)
 e - a +0 helmet (worn)
 l - a +0 pair of gloves (worn)
Scrolls
 g - 2 scrolls of remove curse
 i - a scroll of enchant weapon
 j - a scroll of teleportation
Potions
 b - a potion of agility
 f - a potion of lignification {unknown}
 h - 2 potions of curing
 k - a potion of berserk rage {unknown}
Comestibles
 c - a bread ration


   Skills:
 + Level 3.8 Fighting
 + Level 4.2 Maces & Flails
 * Level 1.4 Armour
 + Level 3.1 Dodging
 + Level 2.6 Stealth


You had 4 spell levels left.
You didn't know any spells.

Dungeon Overview and Level Annotations

Branches:
Dungeon (3/15)

Altars:
Dithmenos
Kikubaaqudgha
Nemelex Xobeh

Annotations:
D:3 McSplat's ghost, amateur MfIE


Innate Abilities, Weirdness & Mutations

You are resistant to torment.
Your stone body is resilient. (AC +4)
You are immune to poison.
You resist negative energy. (rN+)
You are resistant to electric shocks. (rElec)
You can survive without breathing.
You are immune to petrification.
You are immune to rotting.


Message History

You thump McSplat's ghost!
McSplat's ghost is moderately damaged.
McSplat's ghost barely misses you.
You hit McSplat's ghost but do no damage.
McSplat's ghost is moderately damaged.
McSplat's ghost gestures at you while chanting.
You are frozen.
You barely miss McSplat's ghost.
McSplat's ghost is moderately damaged.
McSplat's ghost completely misses you.
You hit McSplat's ghost.
McSplat's ghost is moderately damaged.
McSplat's ghost gestures at you while chanting.
You are frozen.
* * * LOW HITPOINT WARNING * * *
You closely miss McSplat's ghost.
McSplat's ghost is moderately damaged.
McSplat's ghost casts a spell at you.
You are frozen.
You die...

#.##.# #.').#
####.##.#
####.....###
##..####....##+#
#....# #.......#
#_.⌠.###..###...
#.....#.....#...
#...@#...)...##
#8...W.#.#.###
##....###.#.#
#.....# ...#
#_.⌠.## ...
#....# #..#
##..## .# ####


You could see McSplat's ghost.

Vanquished Creatures
  Jessica (D:2)
  Robin (D:2)
  A gnoll (D:1)
  An adder (D:2)
  3 worms
  2 leopard geckos
  A giant cockroach (D:2)
  9 goblins (D:2)
  8 hobgoblins
  10 jackals (D:2)
  2 quokkas (D:2)
  2 bats
  2 frilled lizards (D:1)
  9 kobolds
  4 rats
  A fungus (D:2)
57 creatures vanquished.

Vanquished Creatures (others)
  A plant (D:1)
1 creature vanquished.

Grand Total: 58 creatures vanquished

Notes
Turn   | Place    | Note
-------+----------+-------------------------------------------
     0 | D:1      | Faca the Gargoyle Monk began the quest for the Orb.
     0 | D:1      | Reached XP level 1. HP: 14/14 MP: 1/1
   363 | D:1      | Reached XP level 2. HP: 16/19 MP: 2/2
   751 | D:1      | Reached XP level 3. HP: 20/23 MP: 3/3
  1278 | D:2      | Reached skill level 1 in Armour
  1298 | D:2      | Noticed Robin
  1307 | D:2      | Killed Robin
  1307 | D:2      | Reached XP level 4. HP: 25/28 MP: 4/4
  1518 | D:2      | Noticed Jessica
  1529 | D:2      | Killed Jessica
  1529 | D:2      | Reached skill level 4 in Maces & Flails
  1781 | D:2      | Found an ancient bone altar of Kikubaaqudgha.
  2056 | D:2      | Reached XP level 5. HP: 33/33 MP: 5/5
  2303 | D:3      | Found a shadowy altar of Dithmenos.
  2304 | D:3      | Found a sparkling altar of Nemelex Xobeh.
  2323 | D:3      | Noticed McSplat's ghost (amateur MfIE)
  2337 | D:3      | Killed from afar by McSplat's ghost

Vault maps used:
D:1:      evilmike_arrival_rings, serial_bayou_lagoon_a, minmay_door_square,
          minmay_misc_feat_chi
D:2:      kiku_gazebo_garden_becter, minmay_gold_behind_fungi, uniq_robin,
          uniq_jessica
D:3:      old_standard_altar, gammafunk_temple_overflow_pools, minivault_24,
          minmay_divided_ellipse

Skill      XL: |  1  2  3  4 |
---------------+-------------+-----
Armour         | 1 |  1.4
Maces & Flails | 4 |  4.2
Dodging        | 3 |  3.1
Fighting       | |  3.8
Stealth        | |  2.6

Action                   |  1- 3 |  4- 6 || total
-------------------------+-------+-------++-------
Melee: Mace              |    87 |   111 ||   198
  Use: Scroll            |     4 |     5 ||     9
       Potion            |     1 |       ||     1
 Stab: Sleeping          |     2 |       ||     2
  Eat: Bread ration      |     1 |       ||     1
Armor: Robe              |    30 |       ||    30
       Animal skin       |       |    15 ||    15
       Ring mail         |       |    16 ||    16
Dodge: Dodged            |    62 |    79 ||   141
